 Dungeon Crawl Stone Soup version 0.29.1-15-g9cfb28693d (webtiles) character file.

Game seed: 189058019515683359

358 EarthwalkerPL the Trooper (level 6, -10/57 HPs)
             Began as a Minotaur Fighter on Mar 26, 2023.
             Was an Initiate of Lugonu.
             Mangled by a large abomination (30 damage)
             ... on level 1 of the Abyss.
             The game lasted 00:05:34 (3649 turns).

EarthwalkerPL the Trooper (Minotaur Fighter)        Turns: 3649, Time: 00:05:35

Health: -10/57     AC: 13    Str: 23    XL:     6   Next: 37%
Magic:  5/5        EV:  7    Int:  5    God:    Lugonu [......]
Gold:   267        SH:  4    Dex:  9    Spells: 5/5 levels left

rFire   . . .      SeeInvis .   a - +0 war axe
rCold   . . .      Faith    .   c - +0 buckler
rNeg    . . .      Spirit   .   x - +0 chain mail {rPois}
rPois   +          Reflect  .   (helmet restricted)
rElec   .          Harm     .   (no cloak)
rCorr   .          Rampage  .   f - +1 pair of gloves
Will    .....                   w - +0 pair of boots
Stlth   ..........              (no amulet)
HPRegen 0.19/turn               (no ring)
MPRegen 0.09/turn               (no ring)

@: on fire, glowing
A: horns 2, retaliatory headbutt
a: Renounce Religion


You were on level 1 of the Abyss.
You worshipped Lugonu.
Lugonu was noncommittal.
You visited 1 branch of the dungeon, and saw 4 of its levels.
You visited the Abyss 2 times.

You collected 267 gold pieces.

Inventory:

Hand Weapons
 a - a +0 war axe (weapon)
Missiles
 m - a throwing net
 v - 2 javelins (quivered)
Armour
 b - a +0 scale mail
 c - a +0 buckler (worn)
 f - a +1 pair of gloves (worn)
 w - a +0 pair of boots (worn)
 x - a +0 chain mail of poison resistance (worn)
Jewellery
 h - a ring of wizardry
Wands
 r - a wand of mindburst (2)
Scrolls
 e - a scroll of silence {unknown}
 g - a scroll of immolation {unknown}
 i - 2 scrolls of identify {unknown}
 o - 2 scrolls of teleportation {unknown}
 p - a scroll of fear {unknown}
 q - a scroll of noise {unknown}
 s - a scroll of acquirement {unknown}
 t - a scroll of enchant weapon {unknown}
 y - a scroll of magic mapping {unknown}
Potions
 d - 2 potions of might
 j - a potion of magic {unknown}
 k - a potion of curing {unknown}
 l - 6 potions of mutation {unknown}
 n - 2 potions of ambrosia {unknown}
 u - a potion of heal wounds {unknown}


   Skills:
 * Level 5.8 Fighting
 * Level 4.6 Axes
 * Level 5.4 Armour
 + Level 4.6 Shields


You had 5 spell levels left.
You didn't know any spells.
Your spell library contained the following spells:

 Spells                   Type           Power      Damage    Failure   Level
 Apportation              Tloc           0%         N/A       99%         1
 Necrotise                Necr           0%         1d4       99%         1
 Sandblast                Erth           0%         2d4       99%         1
 Summon Small Mammal      Summ           0%         N/A       99%         1
 Passwall                 Tmut/Erth      0%         N/A       100%        2
 Call Canine Familiar     Summ           0%         N/A       100%        3
 Portal Projectile        Hex/Tloc       0%         N/A       100%        3
 Stone Arrow              Conj/Erth      0%         3d7       100%        3
 Vampiric Draining        Necr           0%         2d6       100%        3
 Leda's Liquefaction      Hex/Erth       0%         N/A       100%        4
 Agony                    Necr           0%         N/A       100%        5


Dungeon Overview and Level Annotations

Branches:
Dungeon (4/15)
 Temple: D:4-7

Altars:


Innate Abilities, Weirdness & Mutations

You have a pair of horns on your head.
You reflexively headbutt those who attack you in melee.


Message History

No target in view!
You see here a +1 spear of flaming.
There is a stone staircase leading down here.
You climb downwards.
There is a stone staircase leading up here.
The gnoll hits you but does no damage. Space warps horribly around you!
You see here a +0 flail.
You hit the gnoll but do no damage. The gnoll hits you but does no damage.
Space warps around you. The gnoll barely misses you.
You barely miss the gnoll. Your headbutt misses the gnoll.
The gnoll hits you with a +0 spear of distortion.
Space warps horribly around you!!
* * * LOW HITPOINT WARNING * * *
You are too injured to fight recklessly!
You are too injured to fight recklessly!
You are too injured to fight recklessly!
Unknown command.
You barely miss the gnoll. You block the gnoll's attack.
You hit the gnoll.
The gnoll is heavily wounded.
The gnoll hits you but does no damage. Space warps around you.
* * * LOW HITPOINT WARNING * * *
The gnoll hits you but does no damage.
You are cast into the Abyss!
This branch contains the abyssal rune of Zot.
Okay, then.
There is an empty arch of ancient stone here.
A large abomination erupts from nowhere.
A smoke demon comes into view.
The smoke demon roars!
The large abomination hits you but does no damage.
The large abomination barely misses you.
You furiously retaliate!
You headbutt the large abomination, but do no damage.
The smoke demon gestures at you. The sticky flame hits you.
You are covered in liquid flames!
The large abomination hits you!!
Ouch! That really hurt!
You die...

###. # .#.# .
# . ... .#
#..#..###.
.#.....##.
...#....
####.#..#
##..3....#
#..X@...#.#
######..#....
#.#### #..
##. . .# ..
#..


You could see a large abomination and a smoke demon.

Vanquished Creatures
  A black bear (D:4)
  A scorpion (D:4)
  An orc priest (D:3)
  A hound (D:4)
  2 gnolls
  5 adders
  An ufetubus (D:4)
  A worm (D:2)
  2 dart slugs
  3 orcs
  5 ball pythons
  3 endoplasms
  6 giant cockroaches
  3 goblins
  4 hobgoblins
  6 jackals
  7 kobolds
  5 quokkas
  6 bats
  2 frilled lizards
  9 rats
74 creatures vanquished.

Notes
Turn   | Place    | Note
-------+----------+-------------------------------------------
     0 | D:1      | EarthwalkerPL the Minotaur Fighter began the quest for the
                  | Orb.
     0 | D:1      | Reached XP level 1. HP: 19/19 MP: 0/0
   200 | D:1      | Reached XP level 2. HP: 27/27 MP: 1/1
   812 | D:2      | Found a faded altar of an unknown god.
   834 | D:2      | Reached XP level 3. HP: 33/33 MP: 2/2
  1608 | D:3      | Reached XP level 4. HP: 38/41 MP: 3/3
  2369 | D:4      | Noticed a scorpion
  2378 | D:4      | Killed a scorpion
  2379 | D:4      | Reached skill level 5 in Fighting
  2379 | D:4      | Reached XP level 5. HP: 31/48 MP: 4/4
  2815 | D:4      | Noticed a black bear
  2828 | D:4      | Killed a black bear
  2829 | D:4      | Reached skill level 5 in Armour
  2829 | D:4      | Reached XP level 6. HP: 43/56 MP: 5/5
  3311 | Abyss:1  | Cast into level 1 of the Abyss (gnoll)
  3330 | Abyss:1  | Noticed a large abomination
  3352 | Abyss:1  | Found a corrupted altar of Lugonu.
  3360 | Abyss:1  | Became a worshipper of Lugonu the Unformed
  3360 | Abyss:1  | Reached * piety under Lugonu
  3362 | D:4      | Escaped the Abyss
  3578 | Abyss:1  | Cast into level 1 of the Abyss (gnoll)
  3622 | Abyss:1  | Noticed a large abomination
  3631 | Abyss:1  | Noticed a smoke demon
  3649 | Abyss:1  | Mangled by a large abomination

Illustrated notes

Levels and vault maps discovered:
D:1:      wander_arrival_lonely_grave, layout_basic, columned_hall_lemuel
D:2:      layout_basic, nicolae_ecumenical_pavilion, grunt_ministairs_7
D:3:      layout_rooms
D:4:      minmay_chambers_of_twos, layout_loops_cross, serial_glass,
          glass_columns_b, glass_columns_b, minmay_strange_pillars,
          item_on_display_b
Abyss:1:  base: D:1, base: Temple, hangedman_abyss_or_decor_passed,
          serial_sigils_hangedman_snap

Skill      XL: |  1  2  3  4  5 |
---------------+----------------+-----
Fighting       | 4 5 |  5.8
Armour         | 4 5 |  5.4
Axes           | 3 4 |  4.6
Shields        | 4 |  4.6

Action                   |  1- 3 |  4- 6 || total
-------------------------+-------+-------++-------
Melee: War axe           |    75 |    91 ||   166
       Headbutt          |     7 |    12 ||    19
Throw: Javelin           |       |     1 ||     1
Invok: Depart the Abyss  |       |     1 ||     1
Armor: Scale mail        |    41 |    64 ||   105
       Chain mail        |       |    11 ||    11
Dodge: Dodged            |    49 |    60 ||   109
Block: Buckler           |    15 |    35 ||    50
